 Dungeon Crawl Stone Soup version 0.27-a0-333-gfa571bf19a (webtiles) character file.

Game seed: 3455705514601023887

74 inc the Vexing (level 4, -1/18 HPs)
             Began as a Felid Enchanter on Feb 12, 2021.
             Was a Follower of Yredelemnul.
             Slain by an ufetubus (5 damage)
             ... on level 3 of the Dungeon.
             The game lasted 00:06:37 (3403 turns).

inc the Vexing (Felid Enchanter)                    Turns: 3403, Time: 00:06:38

Health: -1/18      AC:  1    Str:  8    XL:     4   Next: 10%
Magic:  3/8        EV: 18    Int: 17    God:    Yredelemnul [*.....]
Gold:   127        SH:  0    Dex: 16    Spells: 5/7 levels left
                                        Lives:  0   Deaths: 1

rFire    . . .     SeeInvis +     - Unarmed
rCold    . . .     Faith    .   (shield unavailable)
rNeg     . . .     Spirit   .   (armour unavailable)
rPois    .         Reflect  .   (helmet unavailable)
rElec    .         Harm     .   (cloak unavailable)
rCorr    .         Rampage  .   (gloves unavailable)
Will     .....                  (boots unavailable)
Stlth    +++.......             (no amulet)
HPRegen  0.06/turn              (no ring)
MPRegen  0.11/turn              (no ring)

@: quick
A: very small, no armour, no weapons or thrown items, stealth, claws 1, fangs 3,
see invisible, speed 1, sense surroundings 1, shaggy fur 1, strong 2, sharp paws
a: Renounce Religion, Animate Remains


You were on level 3 of the Dungeon.
You worshipped Yredelemnul.
Yredelemnul was aware of your devotion.
You visited 1 branch of the dungeon, and saw 3 of its levels.

You collected 127 gold pieces.

Inventory:

Jewellery
 d - an amulet of the acrobat {unknown}
Wands
 i - a wand of digging (6)
Scrolls
 a - 2 scrolls of immolation {unknown}
 b - a scroll of teleportation {unknown}
 c - a scroll of identify {unknown}
 e - a scroll of noise {unknown}
 f - a scroll of amnesia
 g - a scroll of fear {unknown}
 h - a scroll of magic mapping {unknown}
Potions
 j - a potion of mutation


   Skills:
 - Level 2.6 Dodging
 - Level 4.0 Stealth
 - Level 1.0 Unarmed Combat
 - Level 2.0 Spellcasting
 + Level 5.8 Hexes
 + Level 1.1 Ice Magic
 - Level 3.2 Invocations


You had 5 spell levels left.
You knew the following spells:

 Your Spells              Type           Power        Failure   Level
b - Ensorcelled Hibernat  Hex/Ice        26%          7%          2

Your spell library contained the following spells:

 Spells                   Type           Power        Failure   Level
 Corona                   Hex            23%          1%          1
 Confusing Touch          Hex            21%          5%          3
 Tukima's Dance           Hex            21%          5%          3
 Dazzling Flash           Conj/Hex       22%          17%         3


Dungeon Overview and Level Annotations

Branches:
Dungeon (3/15)

Altars:
Ashenzari
Hepliaklqana
Yredelemnul

Annotations:
D:2 Robin
D:3 Ijyb


Innate Abilities, Weirdness & Mutations

You cannot wear armour.
You are incapable of wielding weapons or throwing items.
Your paws allow you to move quietly. (Stealth)
You have sharp claws.
You have razor-sharp teeth.
You have supernaturally acute eyesight. (SInv)
You cover ground quickly.
You are covered in fur. (AC +1)
Your sharp claws are effective at attacking unaware monsters.
You passively map a small area around you.
Your muscles are very strong. (Str +4)


Message History

You hear a shout!
The ufetubus hits you but does no damage.
The ufetubus closely misses you. The ufetubus hits you.
* * * LOW HITPOINT WARNING * * *
The ufetubus hits you.
* * * LOW HITPOINT WARNING * * *
The ufetubus closely misses you. The ufetubus misses you.
Robin points. "Kill!"
The ufetubus closely misses you. The ufetubus barely misses you.
There is a stone staircase leading down here.
The ufetubus misses you. The ufetubus barely misses you.
The ufetubus misses you. The ufetubus closely misses you.
You climb downwards.
Level annotation: Ijyb
There is a stone staircase leading up here.
Casting: Ensorcelled Hibernation (safe; 7% risk of failure)
Confirm with . or Enter, or press ? or * to list all spells.
You can't see any susceptible monsters within range! (Use Z to cast anyway.)
Casting: Ensorcelled Hibernation (safe; 7% risk of failure)
Confirm with . or Enter, or press ? or * to list all spells.
You don't know that spell.
The ufetubus closely misses you. x2
Okay, then.
Ijyb shouts!
The ufetubus closely misses you. x2
Ijyb misses you.
Casting: Ensorcelled Hibernation (safe; 7% risk of failure)
Confirm with . or Enter, or press ? or * to list all spells.
Aiming: Ensorcelled Hibernation (safe; 7% risk of failure)
Press: ? - help, Shift-Dir - straight line, f - Ijyb
Aim: Ijyb, wearing a +0 leather armour and carrying a wand of mindburst (5) (chance to affect: 52%) Ijyb looks drowsy...
The ufetubus misses you. The ufetubus barely misses you. x2
The ufetubus closely misses you.
The helpless Ijyb fails to defend herself.
You scratch Ijyb.
Ijyb is moderately wounded.
The ufetubus hits you.
You die...
Your body rises from the dead as a mindless zombie.

........# * ###..####
, ,* ** , * ......# ,
, , ....(.# *, **** ,
####..# ### ##########
#..#*, ##..
##......... .###..#
##..########g#########
......#
##.#...g.....)..#
.###..#
#......5@.####### .#
#..# #.##.#.##.#
####..# #.##.#.# .#
#...# #.##.#.# .#
#.#.# #.##.#.#*.#
#.#.###.##.#.# .#
#............#*.#
###.#.(......### .#
.....####.##.# *


You could see Ijyb, an ufetubus and a hobgoblin (asleep).

Vanquished Creatures
  2 gnolls (D:2)
  4 adders
  2 dart slugs (D:3)
  A leopard gecko (D:1)
  A bat (D:1)
  2 giant cockroaches (D:3)
  6 goblins
  4 hobgoblins
  6 jackals (D:3)
  6 frilled lizards
  5 kobolds
  5 rats
44 creatures vanquished.

Vanquished Creatures (collateral kills)
  A gnoll (D:2)
  An adder (D:3)
  A goblin (D:2)
  A bat (D:3)
4 creatures vanquished.

Vanquished Creatures (others)
  A bat zombie (D:3)
  3 adder zombies
  A giant cockroach zombie (D:3)
  A gnoll zombie (D:2)
  A hobgoblin zombie (D:3)
  2 jackal zombies (D:3)
  2 rat zombies (D:2)
11 creatures vanquished.

Grand Total: 59 creatures vanquished

Notes
Turn   | Place    | Note
-------+----------+-------------------------------------------
     0 | D:1      | inc the Felid Enchanter began the quest for the Orb.
     0 | D:1      | Reached XP level 1. HP: 7/7 MP: 4/4
   239 | D:1      | Reached skill level 5 in Hexes
   645 | D:1      | Reached XP level 2. HP: 11/11 MP: 6/6
   648 | D:1      | Learned a level 2 spell: Ensorcelled Hibernation
  1407 | D:2      | Found a faded altar of an unknown god.
  1428 | D:2      | Became a worshipper of Yredelemnul the Dark
  1428 | D:2      | Reached * piety under Yredelemnul
  1607 | D:2      | Reached skill level 1 in Invocations
  1703 | D:2      | Reached XP level 3. HP: 13/14 MP: 4/7
  2019 | D:2      | Reached XP level 4. HP: 18/18 MP: 1/8
  2102 | D:2      | Found a broken altar of Ashenzari.
  2109 | D:2      | Found a hazy altar of Hepliaklqana.
  2142 | D:2      | Noticed Robin
  2307 | D:3      | Gained mutation: Your muscles are strong. (Str +2) [potion
                  | of mutation]
  2307 | D:3      | Gained mutation: Your muscles are very strong. (Str +4)
                  | [potion of mutation]
  2307 | D:3      | Gained mutation: You passively map a small area around you.
                  | [potion of mutation]
  2311 | D:3      | Slain by a jackal
  2312 | D:3      | Reached XP level 3. HP: 0/14 MP: 0/7
  2735 | D:3      | Reached skill level 1 in Ice Magic
  2755 | D:3      | Noticed Ijyb
  3136 | D:3      | Reached XP level 4. HP: 12/18 MP: 8/8
  3403 | D:3      | Slain by an ufetubus

Illustrated notes

Levels and vault maps discovered:
D:1:      nicolae_arrival_washed_ashore, layout_basic
D:2:      kennysheep_big_flooded_room, layout_rooms, zin_statuary,
          amethyst_overflow_temple_binary, chequers_ecumenical_altar_simple,
          uniq_robin
D:3:      minmay_octagon_keep, layout_loops_ring, st_stairs_5,
          nicolae_ru_great_annihilating_truth, uniq_ijyb

Skill      XL: |  1  2  3  4 |
---------------+-------------+-----
Hexes          | 5 |  5.8
Invocations    | 1 2 3 |  3.2
Ice Magic      | 1 |  1.1
Dodging        | |  2.6
Stealth        | |  4.0
Unarmed Combat | |  1.0
Spellcasting   | |  2.0

Action                   |  1- 3 |  4- 6 || total
-------------------------+-------+-------++-------
Melee: Unarmed           |    71 |    23 ||    94
       Bite              |     2 |     1 ||     3
 Cast: Corona            |     6 |       ||     6
       Ensorcelled Hiber |    28 |    14 ||    42
Invok: Animate Remains   |     9 |     2 ||    11
  Use: Scroll            |       |     1 ||     1
       Potion            |       |     1 ||     1
 Stab: Sleeping          |    30 |     6 ||    36
Armor: Skin              |       |     4 ||     4
Dodge: Dodged            |    46 |    74 ||   120

Table legend: (Time is in decaauts)
 A = Elapsed time spent in this place.
 B = Non-inter-level travel time spent in this place.
 C = Inter-level travel time spent in this place.
 D = Time resting spent in this place.
 E = Time spent auto-exploring this place.
 F = Levels seen in this place.
 G = Mean time per level.
                   A        B        C        D        E       F      G
               +--------+--------+--------+--------+--------+-----+--------+
         Total |   3204 |   3074 |    130 |   1139 |   1349 |   3 | 1068.0 |
       Dungeon |   3204 |   3074 |    130 |   1139 |   1349 |   3 | 1068.0 |
               +--------+--------+--------+--------+--------+-----+--------+

Top non-repeatable levels by time:
     D:1: 1261 daAuts
     D:3: 1189 daAuts
     D:2: 752 daAuts
